 Dungeon Crawl Stone Soup version 0.22.0-2-ge58baed0e8 (webtiles) character file.

1363 IcyTea the Conjurer (level 8, -12/57 HPs)
             Began as a White Draconian Conjurer on Aug 13, 2018.
             Was an Initiate of Vehumet.
             Mangled by an azure jelly (16 damage)
             ... created by the vengeance of Jiyva
             ... on level 5 of the Dungeon.
             The game lasted 00:20:19 (4966 turns).

IcyTea the Conjurer (White Draconian Conjurer)      Turns: 4966, Time: 00:20:20

Health: -12/57     AC:  7    Str: 10    XL:     8   Next: 38%
Magic:  17/17      EV: 12    Int: 22    God:    Vehumet [......]
Gold:   205        SH:  0    Dex: 16    Spells: 10/17 levels left

rFire    . . .     SeeInvis .   v - +9 dire flail "Worm" {speed, Int+3 Dex+5 Stlth+}
rCold    + . .     Gourm    .   (shield currently unavailable)
rNeg     + . .     Faith    .   (armour unavailable)
rPois    .         Spirit   .   (helmet restricted)
rElec    .         Reflect  .   (no cloak)
rCorr    .         Harm     .   (no gloves)
MR       .....                  l - +0 pair of boots
Stlth    +++.......             (no amulet)
HPRegen  0.19/turn              n - ring of positive energy
MPRegen  0.15/turn              (no ring)

@: no status effects
A: breathe frost, unfitting armour, stinger 1, cold resistance 1, high mp 1,
cold-blooded, MP-powered wands, AC +6
a: Breathe Frost, Renounce Religion


You were on level 5 of the Dungeon.
You worshipped Vehumet.
Vehumet was noncommittal.
You were not hungry.

You visited 2 branches of the dungeon, and saw 6 of its levels.

You collected 205 gold pieces.

Inventory:

Hand Weapons
 v - the +9 dire flail "Worm" (weapon) {speed, Int+3 Dex+5 Stlth+}
   (You took it off an ogre on level 4 of the Dungeon)

   Attacks with this weapon are significantly faster.
   It affects your intelligence (+3).
   It affects your dexterity (+5).
   It makes you more stealthy.
Missiles
 o - 7 javelins (quivered)
Armour
 l - a +0 pair of boots (worn)
Jewellery
 n - a ring of positive energy (left hand)
Wands
 p - a wand of polymorph (6)
 q - a wand of iceblast (9)
 u - a wand of paralysis (15)
Scrolls
 a - 4 scrolls of identify
 d - a scroll of remove curse
 e - 3 scrolls of enchant armour {unknown}
 f - 2 scrolls of fear {unknown}
 i - a scroll of fog {unknown}
 k - 3 scrolls of teleportation {unknown}
 r - a scroll of magic mapping {unknown}
 t - a scroll of blinking {unknown}
Potions
 c - a potion of mutation
 g - 3 potions of agility
 s - a potion of heal wounds {unknown}
 w - a potion of lignification {unknown}
Comestibles
 b - 7 rations
 x - a chunk of flesh


   Skills:
 + Level 5.1 Maces & Flails
 - Level 1.7 Dodging
 - Level 1.7 Stealth
 - Level 5.4 Spellcasting
 - Level 7.9 Conjurations


You had 10 spell levels left.
You knew the following spells:

 Your Spells              Type           Power        Failure   Level  Hunger
a - Magic Dart            Conj           ####         1%          1    None
b - Searing Ray           Conj           #####.       1%          2    None
c - Fulminant Prism       Conj/Hex       ###.......   19%         4    ####...

Your spell library contained the following spells:

 Spells                   Type           Power        Failure   Level  Hunger
 Iskenderun's Mystic Bla  Conj           #####...     3%          4    ####...
 Dazzling Spray           Conj/Hex       ###...       6%          3    ##.....
 Force Lance              Conj/Tloc      ###.....     19%         4    ####...


Dungeon Overview and Level Annotations

Branches:
Dungeon (5/15)             Temple (1/1) D:5

Altars:
Ashenzari
Cheibriados
Dithmenos
Fedhas
Gozag
Hepliaklqana
Kikubaaqudgha
Makhleb
Nemelex Xobeh
Okawaru
Qazlal
Ru
Sif Muna
Trog
Uskayaw
Vehumet
Wu Jian
Xom
Yredelemnul
Zin
The Shining One
Jiyva

Shops:
D:5 }


Innate Abilities, Weirdness & Mutations

You can breathe waves of freezing cold.
You can buffet flying creatures when you breathe cold.
Your icy white scales are hard. (AC +6)
You cannot fit into any form of body armour.
Your flesh is cold resistant. (rC+)
You are cold-blooded and may be slowed by cold attacks.
Your tail ends in a poisonous barb.
You have an increased reservoir of magic. (+10% MP)
You expend magic power (3 MP) to strengthen your wands.


Message History

You start resting.
* * * LOW HITPOINT WARNING * * *
You feel sick.
You start resting.
* * * LOW HITPOINT WARNING * * *
You feel sick.
You are no longer poisoned.
You start resting.
Magic restored.
You start resting.
Some slimes ooze up out of the ground!
An azure jelly comes into view.
Press: ? - help, v - describe, . - travel The floor.
There is an entrance to Immif's Gadget Shoppe here.
There is an open door here.
The azure jelly closely misses you. The azure jelly hits you!
* * * LOW HITPOINT WARNING * * *
The azure jelly freezes you! You resist.
You die...

.#..>....## ##.###.####
.#...###..### #......# ...###
#....#....##### ..##
#.....>#### . ..#
##......#########. #.#
#.....#....#..... ..#
##.(...#.##.###.### ###
##.(###..>...#≈≈.§§# #### #
#..## ...##@#≈⌠.⌠≈#######...
##.#...<..###.J..∩..........##
###..#..........#≈⌠.⌠§#########
#...##......#####§≈.§≈# ##.###
#.##### ###'### .)...#...# #...
### .....#.### ##### .. #
.......# #.## ###...##### #.#.


You could see an azure jelly.

Vanquished Creatures
  Eustachio (D:3)
  The ghost of TheLast the Slasher, an amateur DrMo (D:4)
  Duvessa (D:5)
  A sky beast (D:5)
  A phantom (D:4)
  3 ogres (D:4)
  A centaur (D:5)
  A bullfrog (D:3)
  Dowan (D:5)
  A scorpion (D:5)
  6 jellies
  A hound (D:2)
  An orc priest (D:5)
  An orc wizard (D:5)
  Ijyb (D:4)
  3 worker ants
  3 adders
  2 gnolls (D:5)
  A howler monkey skeleton (D:5)
  2 worms (D:3)
  4 leopard geckos
  9 orcs
  2 giant cockroaches
  4 goblins
  4 hobgoblins (D:1)
  4 jackals (D:5)
  2 quokkas
  A ball python (D:4)
  4 bats
  5 frilled lizards
  A jackal skeleton (D:4)
  3 kobolds (D:1)
  2 quokka skeletons (D:5)
  3 rats
81 creatures vanquished.

Vanquished Creatures (others)
  A gnoll (D:5)
  An adder (D:3)
  An ooze (D:4)
  A dart slug (D:3)
  A leopard gecko (D:2)
  An orc (D:3)
  A goblin (D:3)
  A quokka (D:2)
  A bat (D:3)
  12 frilled lizards (D:2)
  3 plants (D:2)
24 creatures vanquished.

Grand Total: 105 creatures vanquished

Notes
Turn   | Place    | Note
-------+----------+-------------------------------------------
     0 | D:1      | IcyTea the Draconian Conjurer began the quest for the Orb.
     0 | D:1      | Reached XP level 1. HP: 14/14 MP: 3/3
   543 | D:1      | Reached XP level 2. HP: 20/20 MP: 3/5
   554 | D:1      | Learned a level 2 spell: Searing Ray
  1222 | D:2      | Reached skill level 5 in Conjurations
  1222 | D:2      | Reached XP level 3. HP: 15/26 MP: 1/6
  1509 | D:2      | Found a faded altar of an unknown god.
  1523 | D:2      | Became a worshipper of Jiyva Jumaur the Shapeless
  1523 | D:2      | Reached * piety under Jiyva
  1647 | D:2      | Reached ** piety under Jiyva
  1930 | D:3      | Reached XP level 4. HP: 26/33 MP: 7/7
  2280 | D:3      | Reached skill level 6 in Conjurations
  2714 | D:4      | Noticed Eustachio
  2724 | D:4      | Noticed a bullfrog
  2741 | D:3      | Killed a bullfrog
  2741 | D:3      | Reached XP level 5. HP: 8/38 MP: 0/8
  3004 | D:3      | Killed Eustachio
  3004 | D:3      | Reached skill level 7 in Conjurations
  3004 | D:3      | Reached XP level 6. HP: 25/45 MP: 2/9
  3271 | D:4      | Noticed Ijyb
  3286 | D:4      | Killed Ijyb
  3304 | D:4      | Learned a level 4 spell: Fulminant Prism
  3496 | D:4      | Noticed TheLast's ghost (amateur DrMo)
  3498 | D:4      | Found a transporter.
  3502 | D:4      | Found a transporter.
  3622 | D:4      | Reached *** piety under Jiyva
  3622 | D:4      | Gained mutation: Your spells are a little harder to cast, but a little more powerful. [Jiyva's grace]
  3682 | D:4      | Your scales start taking on an icy white colour.
  3682 | D:4      | Reached XP level 7. HP: 50/50 MP: 7/12
  3682 | D:4      | Gained mutation: Your flesh is cold resistant. (rC+) [White Draconian growth]
  3776 | D:4      | Killed TheLast's ghost
  3776 | D:4      | Reached skill level 5 in Spellcasting
  3780 | D:4      | Got a jewelled dire flail {speed}
  3781 | D:4      | Identified the +9 dire flail "Worm" {speed, Int+3 Dex+5 Stlth+} (You took it off an ogre on level 4 of the Dungeon)
  4132 | D:5      | Entered Level 5 of the Dungeon
  4183 | D:5      | Noticed Duvessa
  4188 | D:5      | Noticed Dowan
  4201 | D:5      | Killed Duvessa
  4203 | D:5      | Killed Dowan
  4203 | D:5      | Reached XP level 8. HP: 45/57 MP: 0/16
  4231 | D:5      | Found a staircase to the Ecumenical Temple.
  4237 | Temple   | Entered the Ecumenical Temple
  4380 | Temple   | Fell from the grace of Jiyva
  4380 | Temple   | Became a worshipper of Vehumet
  4875 | D:5      | Found Immif's Gadget Shoppe.
  4887 | D:5      | Lost mutation: Your spells are a little harder to cast, but a little more powerful. [potion of mutation]
  4887 | D:5      | Gained mutation: Your tail ends in a poisonous barb. [potion of mutation]
  4887 | D:5      | Gained mutation: You expend magic power (3 MP) to strengthen your wands. [potion of mutation]
  4887 | D:5      | Gained mutation: You have an increased reservoir of magic. (+10% MP) [potion of mutation]
  4895 | D:5      | HP: 2/57 [poisoned by a worker ant]
  4896 | D:5      | Reached skill level 5 in Maces & Flails
  4902 | D:5      | HP: 2/57 [poisoned by a worker ant]
  4910 | D:5      | HP: 1/57 [poisoned by a worker ant]
  4958 | D:5      | Noticed an azure jelly
  4966 | D:5      | Mangled by an azure jelly

Skill      XL: |  1  2  3  4  5  6  7  8 |
---------------+-------------------------+-----
Conjurations   | 5 6 7 |  7.9
Spellcasting   | 3 5 |  5.4
Maces & Flails | 2 5 |  5.1
Dodging        | |  1.7
Stealth        | |  1.7

Action                   |  1- 3 |  4- 6 |  7- 9 || total
-------------------------+-------+-------+-------++-------
Melee: Club              |     2 |       |       ||     2
       Hand axe          |    14 |    34 |       ||    48
       Short sword       |    20 |    34 |       ||    54
       Tailslap          |     2 |     4 |     4 ||    10
       Unarmed           |       |     4 |       ||     4
       Dire flail        |       |       |    32 ||    32
 Cast: Magic Dart        |    20 |     4 |       ||    24
       Searing Ray       |     9 |    17 |    16 ||    42
Invok: Request Jelly     |       |       |     1 ||     1
 Abil: Breathe Frost     |       |       |     2 ||     2
  Use: Scroll            |       |     2 |       ||     2
       Potion            |       |       |     4 ||     4
 Stab: Sleeping          |     2 |     1 |       ||     3
  Eat: Chunk             |     2 |     5 |       ||     7
Armor: Skin              |    19 |    44 |    22 ||    85
Dodge: Dodged            |    39 |    79 |    44 ||   162
